Map: Fracture LE

Players

AcuraUA - Winner!

  • Race: Protoss Protoss
  • League: Diamond
  • Spawn Location: 5:00

Dimitri

  • Race: Terran Terran
  • League: Diamond
  • Spawn Location: 11:00

VOD

Have the link to the VOD?

Description

Time

  • Played on: Nov. 13, 2018, 2:26 p.m.
  • Length: 5:46
Show
View Real Time Build Order
Export as new Build Order

AcuraUA Protoss - Winner!

Build Orders: Dark Templar Rush 

Get SALT Encoding   

  1  0:00  Probe  
  12  0:06  Probe  
  14  0:18  Pylon  
  14  0:21  Probe  
  15  0:37  Gateway  
  15  0:38  Probe  
  16  0:47  Assimilator  
  16  0:50  Probe  
  16  0:56  Assimilator  
  17  1:07  Gateway  
  17  1:09  Probe  
  18  1:24  Cybernetics Core  
  18  1:26  Probe  
  19  1:40  Pylon  
  19  1:46  Probe  
  20  1:51  Stalker  
  20  1:52  Stalker  
  20  1:56  Warp Gate  
  24  2:01  Probe  
  25  2:13  Probe  
  26  2:25  Probe  
  27  2:38  Nexus  
  27  2:41  Probe  
  28  2:51  Twilight Council  
  28  3:08  Probe  
  29  3:20  Probe  
  29  3:21  Charge  
  30  3:30  Dark Shrine  
  30  3:32  Probe  
  31  3:38  Gateway  
  31  3:41  Gateway  
  31  3:49  Probe  
  31  3:50  Assimilator, Probe  
  31  3:54  Pylon  
  33  4:01  Probe  
  32  4:05  Probe  
  31  4:16  Probe  
  32  4:19  Probe  
  33  4:28  Probe  
  35  4:31  Probe  
  35  4:32  Pylon  
  35  4:34  Pylon  
  35  4:35  Assimilator  
  35  4:40  Probe  
  35  4:43  Probe  
  35  4:44  Robotics Facility  
  37  4:46  Dark Templar  
  37  4:51  Dark Templar  
  40  4:56  Dark Templar  
  42  5:02  Dark Templar  
  42  5:05  Probe  
  40  5:26  Stalker x2  
  43  5:43  Stalker x2  
Show
View Real Time Build Order
Export as new Build Order

Dimitri Terran 

Build Orders: Gas First Reaper Expand, Liberator Opening, Reaper Expand 

Get SALT Encoding   

  12  0:01  SCV  
  13  0:13  SCV  
  14  0:17  Supply Depot  
  14  0:25  SCV  
  15  0:29  Refinery  
  15  0:39  SCV  
  16  0:45  Barracks  
  16  0:51  SCV  
  17  1:13  SCV  
  18  1:25  SCV  
  19  1:36  Reaper  
  19  1:37  Orbital Command  
  20  1:49  Command Center  
  20  2:05  Factory  
  20  2:06  SCV  
  21  2:15  Barracks Reactor  
  21  2:17  Supply Depot  
  21  2:19  SCV  
  22  2:26  Refinery  
  22  2:33  Bunker  
  22  2:40  SCV  
  23  2:50  Starport  
  23  2:57  Widow Mine  
  24  2:59  Bunker  
  23  3:07  Orbital Command  
  23  3:13  SCV  
  23  3:16  Marine  
  23  3:26  Bunker  
  23  3:30  Liberator  
  23  3:33  Widow Mine  
  25  3:37  Marine  
  26  3:47  Marine  
  30  4:01  SCV  
  30  4:02  SCV  
  30  4:12  Bunker  
  30  4:13  Barracks Reactor  
  30  4:14  Factory Reactor  
  30  4:15  SCV  
  31  4:17  SCV  
  32  4:46  SCV x2  
  34  4:54  Starport Reactor  
  34  4:58  SCV  
  34  4:59  Barracks  
  35  5:00  Barracks  
  35  5:01  Supply Depot  
  35  5:02  Cyclone x2  
  41  5:08  SCV  
  41  5:11  Supply Depot  
  42  5:14  Marine  
  42  5:15  Marine  
  42  5:17  SCV  
  45  5:29  SCV x2  
  45  5:34  Engineering Bay  
Tags
 
Add a new tag
Caveats
  • Supply blocks, unpowered buildings, or Contaminate may cause inaccurate times.
  • Supply counts are checked every 10 seconds.